 Dungeon Crawl Stone Soup version 0.21.1-1-g345015fe64 (webtiles) character file.

27 Htamos the Skirmisher (level 2, -3/24 HPs)
             Began as a Mummy Berserker on July 2, 2018.
             Was a Follower of Trog.
             Slain by a worm (7 damage)
             ... on level 1 of the Dungeon.
             The game lasted 00:03:00 (967 turns).

Htamos the Skirmisher (Mummy Berserker)              Turns: 967, Time: 00:03:00

Health: -3/24      AC:  2    Str: 20    XL:     2   Next: 93%
Magic:  0/2        EV: 12    Int:  6    God:    Trog [*.....]
Gold:   104        SH:  0    Dex: 11    Spells: 1/1 levels left

rFire    x . .     SeeInvis .   a - +0 spear
rCold    + . .     Gourm    .   (no shield)
rNeg     + + +     Faith    .   b - +0 animal skin
rPois    ∞         Spirit   +   (no helmet)
rElec    .         Reflect  .   (no cloak)
rCorr    .         Harm     .   (no gloves)
MR       .....                  (no boots)
Stlth    +.........             f - amulet of guardian spirit
HPRegen  0.08/turn              c - ring of flight
MPRegen  0.08/turn              (no ring)

@: no status effects
A: no food or potions, fire vulnerability, cold resistance 1, negative energy
resistance 3, torment resistance, unbreathing
a: Burn Spellbooks, Renounce Religion, Evoke Flight


You were on level 1 of the Dungeon.
You worshipped Trog.
Trog was aware of your devotion.
You were not hungry.

You visited 1 branch of the dungeon, and saw 2 of its levels.

You collected 104 gold pieces.

Inventory:

Hand Weapons
 a - a +0 spear (weapon)
Armour
 b - a +0 animal skin (worn)
Jewellery
 c - a ring of flight (left hand)
 f - an amulet of guardian spirit (around neck)
 j - an uncursed ring of poison resistance {unknown}
Scrolls
 d - a scroll of magic mapping {unknown}
 g - a scroll of amnesia {unknown}
 h - a scroll of teleportation {unknown}
 i - a scroll of enchant armour {unknown}
 k - a scroll of noise {unknown}
Potions
 e - a potion of might {unknown}


   Skills:
 + Level 3.3 Fighting
 + Level 3.0 Polearms
 + Level 1.6 Armour
 + Level 1.8 Dodging
 - Level 0.1 Stealth


You had one spell level left.
You didn't know any spells.

Dungeon Overview and Level Annotations

Branches:
Dungeon (2/15)

Altars:


Innate Abilities, Weirdness & Mutations

You do not eat or drink.
Your flesh is vulnerable to fire.
You are immune to poison.
Your flesh is cold resistant. (rC+)
You are immune to negative energy. (rN+++)
You are immune to unholy pain and torment.
You can survive without breathing.


Message History

You hit the worm.
The worm is almost dead.
You hit the worm.
The worm is almost dead.
The worm bites you but does no damage.
You barely miss the worm.
The worm is almost dead.
The worm bites you.
You barely miss the worm.
The worm is severely wounded.
You hit the worm.
The worm is almost dead.
The worm bites you!
* * * LOW HITPOINT WARNING * * *
You barely miss the worm.
The worm is almost dead.
You barely miss the worm.
The worm is almost dead.
The worm bites you!
You die...

#####......................######
#...............###......#.......
+..............†# #...>..#.#####.
#......!........# #......#######.
................# #.....())(....(
..###...........# #!w...#########
.........#+###### #.....# ###
...)...###.########.....#######..
+###.....#.#....@wg..............
.......%...#.#######.##..........
####..##..............#..........
##.#.........#######.#..........#
...#...#####.........#..........#
##.#...# #...#.####.............#
.......###.....####.#...........#
##.##............##.#...........#
#.##.########.#.##.#...........#


You could see a worm and a goblin.

Vanquished Creatures
  A worm (D:1)
  A leopard gecko (D:1)
  A giant cockroach (D:1)
  3 goblins (D:1)
  5 hobgoblins (D:1)
  5 bats
  A frilled lizard (D:1)
  3 kobolds (D:1)
  A rat (D:1)
21 creatures vanquished.

Notes
Turn   | Place    | Note
-------+----------+-------------------------------------------
     0 | D:1      | Htamos the Mummy Berserker began the quest for the Orb.
     0 | D:1      | Reached XP level 1. HP: 18/18 MP: 1/1
   328 | D:1      | Reached XP level 2. HP: 22/24 MP: 2/2
   967 | D:1      | Slain by a worm

Skill      XL: |  1  2 |
---------------+-------+-----
Polearms       | 3 |  3.0
Fighting       | |  3.3
Armour         | |  1.6
Dodging        | |  1.8
Stealth        | |  0.1

Action                   || total
-------------------------++-------
Melee: Spear             ||    65
 Stab: Sleeping          ||     1
Armor: Animal skin       ||    11
Dodge: Dodged            ||    32
